 Dungeon Crawl Stone Soup version 0.28.0-43-g3370ac3207 (webtiles) character file.

Game seed: 4948865822863864706

160 saw2855 the Chopper (level 5, -13/47 HPs)
             Began as a Minotaur Berserker on Mar 12, 2022.
             Was a Believer of Trog.
             Killed by divine providence
             ... invoked by an orc priest
              (16 damage)
             ... on level 3 of the Dungeon.
             The game lasted 00:12:20 (2148 turns).

saw2855 the Chopper (Minotaur Berserker)            Turns: 2148, Time: 00:12:22

Health: -13/47     AC:  9    Str: 24    XL:     5   Next: 17%
Magic:  4/4        EV:  8    Int:  4    God:    Trog [**....]
Gold:   53         SH:  0    Dex:  9    Spells: 4/4 levels left

rFire   . . .      SeeInvis .   a - +1 hand axe
rCold   . . .      Faith    .   (no shield)
rNeg    . . .      Spirit   .   b - +0 chain mail
rPois   .          Reflect  .   (helmet restricted)
rElec   .          Harm     .   (no cloak)
rCorr   .          Rampage  .   (no gloves)
Will    .....                   (no boots)
Stlth   ..........              (no amulet)
HPRegen 0.15/turn               (no ring)
MPRegen 0.09/turn               (no ring)

@: on berserk cooldown, hasted and slowed
A: horns 2, retaliatory headbutt
a: Renounce Religion, Berserk, Trog's Hand


You were on level 3 of the Dungeon.
You worshipped Trog.
Trog was pleased with you.
You visited 1 branch of the dungeon, and saw 3 of its levels.

You collected 53 gold pieces.

Inventory:

Hand Weapons
 a - a +1 hand axe (weapon)
Armour
 b - a +0 chain mail (worn)
Wands
 d - a wand of mindburst (13) (quivered)
Potions
 e - a potion of curing {unknown}
 f - a potion of degeneration {unknown}


   Skills:
 + Level 4.5 Fighting
 * Level 6.1 Axes
 + Level 3.0 Armour
 + Level 2.4 Dodging


You had 4 spell levels left.
You didn't know any spells.
Your spell library was empty.

Dungeon Overview and Level Annotations

Branches:
Dungeon (3/15)

Altars:

Shops:
D:3 (!

Annotations:
D:3 potion shop


Innate Abilities, Weirdness & Mutations

You have a pair of horns on your head.
You reflexively headbutt those who attack you in melee.


Message History

Trog accepts your kill.
Trog appreciates your killing of a magic user.
You closely miss the orc.
You are no longer berserk.
You are exhausted.
You feel yourself slow down. The orc barely misses you.
Your Armour skill increases to level 3!
You hit the orc. You headbutt the orc.
You kill the orc!
Trog accepts your kill.
The orc priest invokes the aid of Beogh against you.
Beogh smites you! The orc wizard completely misses you.
You furiously retaliate!
You headbutt the orc wizard!
The orc priest calls upon Beogh to heal the orc wizard.
The orc wizard is healed somewhat.
You hit the orc wizard.
The orc wizard is heavily wounded.
You barely miss the orc priest. The orc priest barely misses you.
The orc wizard casts a spell at you. The magic dart hits you!
The orc priest invokes the aid of Beogh against you.
Pain shoots through your body!
* * * LOW HITPOINT WARNING * * *
The orc wizard barely misses you. You furiously retaliate!
You headbutt the orc wizard!
You kill the orc wizard!
Trog accepts your kill.
Trog appreciates your killing of a magic user.
Your Axes skill increases to level 6!
You have reached level 5!
Okay, then.
It was a potion of haste.
You feel yourself speed up.
The orc priest hits you but does no damage. x2
You closely miss the orc priest. You headbutt the orc priest.
The orc priest is heavily wounded.
You hit the orc priest.
The orc priest hits you but does no damage.
The orc priest mumbles some strange prayers to Beogh against you.
Beogh smites you!
You die...

#<..###.#.# .8........#
..######## ##
...####.######........##
#. ##.# #.# ....#...#..#
#. #.# .# #..........$ #.
#.# #.# #..........⌠# #.
#.####.## #..........$#.
#. #.......#
#..#o..#..##..#####.
#.......# #..@o....#
#........ #.......#
#.#########..###.##.
#.......##.##...........#
#.##.
#.......##.......########
#.##. #.......########.##
#.##.
#.................#####
#.##.
######.########.......#
#.##. #.# #...###.# #.###
###.############ #.# #.#


You could see 2 orc priests.

Vanquished Creatures
  An orc priest (D:3)
  2 orc wizards (D:3)
  An adder (D:2)
  A gnoll (D:1)
  3 worms (D:2)
  A dart slug (D:3)
  4 orcs (D:3)
  4 ball pythons
  3 endoplasms
  A giant cockroach (D:3)
  3 goblins
  3 hobgoblins
  6 jackals
  2 kobolds (D:1)
  A quokka (D:2)
  3 bats
  6 frilled lizards
  4 rats
49 creatures vanquished.

Notes
Turn   | Place    | Note
-------+----------+-------------------------------------------
     0 | D:1      | saw2855 the Minotaur Berserker began the quest for the Orb.
     0 | D:1      | Reached XP level 1. HP: 19/19 MP: 0/0
    86 | D:1      | Reached skill level 4 in Axes
    86 | D:1      | Reached XP level 2. HP: 25/27 MP: 1/1
   100 | D:1      | Found a faded altar of an unknown god.
   858 | D:2      | Reached XP level 3. HP: 32/33 MP: 2/2
   890 | D:2      | Reached ** piety under Trog
  1237 | D:2      | Reached skill level 5 in Axes
  1526 | D:3      | Found Sojaargh's Antique Weapon Shop.
  1566 | D:3      | Reached XP level 4. HP: 19/41 MP: 3/3
  1993 | D:3      | Found Huyr's Distillery.
  2146 | D:3      | HP: 2/41 [orc priest/nerve-wracking pain (12)]
  2147 | D:3      | Reached skill level 6 in Axes
  2147 | D:3      | Reached XP level 5. HP: 2/47 MP: 4/4
  2148 | D:3      | Killed from afar by an orc priest

Illustrated notes

Levels and vault maps discovered:
D:1:      minmay_arrival_jagged, layout_basic, dreamdust_ecumenical_altar_grove
D:2:      layout_rooms, nicolae_wormholes
D:3:      cheibrodos_pilgrimage, layout_loops_ring, serial_shops,
          nicolae_shop_crystal, nicolae_lakefront_shop,
          nicolae_shop_statue_plus, nicolae_shop_trees

Skill      XL: |  1  2  3  4 |
---------------+-------------+-----
Axes           | 4 5 6 |  6.1
Fighting       | 4 |  4.5
Armour         | 3 |  3.0
Dodging        | |  2.4

Action                   |  1- 3 |  4- 6 || total
-------------------------+-------+-------++-------
Melee: Hand axe          |    69 |    30 ||    99
       Headbutt          |     9 |     4 ||    13
       Punch             |     1 |       ||     1
Invok: Berserk           |     1 |     1 ||     2
  Use: Scroll            |     2 |     1 ||     3
       Potion            |       |     1 ||     1
Armor: Leather armour    |     4 |       ||     4
       Chain mail        |    20 |    15 ||    35
Dodge: Dodged            |    44 |    13 ||    57
